 Dungeon Crawl Stone Soup version 0.27-a0-1219-g958d993ae5 (webtiles) character file.

Game seed: 4578858285651615939

0 polve the Skirmisher (level 1, -2/18 HPs)
             Began as a Demonspawn Abyssal Knight on June 6, 2021.
             Was a Follower of Lugonu.
             Slain by an orc priest
             ... wielding a +2 short sword of protection
              (7 damage)
             ... on level 1 of the Abyss.
             The game lasted 00:00:15 (152 turns).

polve the Skirmisher (Demonspawn Abyssal Knight)     Turns: 152, Time: 00:00:16

Health: -2/18      AC:  3    Str: 12    XL:     1   Next: 0%
Magic:  2/2        EV: 11    Int: 13    God:    Lugonu [*.....]
Gold:   10         SH:  0    Dex: 12    Spells: 0/0 levels left

rFire    . . .     SeeInvis .   a - +1 short sword
rCold    . . .     Faith    .   (no shield)
rNeg     . . .     Spirit   .   b - +0 leather armour
rPois    .         Reflect  .   (no helmet)
rElec    .         Harm     .   (no cloak)
rCorr    .         Rampage  .   (no gloves)
Will     .....                  (no boots)
Stlth    +.........             (no amulet)
HPRegen  0.06/turn              (no ring)
MPRegen  0.08/turn              (no ring)

@: no status effects
A: no striking features
a: Renounce Religion, Depart the Abyss


You were on level 1 of the Abyss.
You worshipped Lugonu.
Lugonu was aware of your devotion.
You visited 0 branches of the dungeon, and saw 0 of its levels.
You visited the Abyss 1 time.

You collected 10 gold pieces.

Inventory:

Hand Weapons
 a - a +1 short sword (weapon)
Armour
 b - a +0 leather armour (worn)
Scrolls
 e - a scroll of noise {unknown}
Potions
 c - a potion of curing {unknown}
 d - a potion of brilliance {unknown}


   Skills:
 - Level 3.0 Fighting
 + Level 1.7 Short Blades
 - Level 1.7 Armour
 - Level 0.8 Dodging
 - Level 2.4 Invocations


You couldn't memorise any spells.
You didn't know any spells.
Your spell library was empty.

Dungeon Overview and Level Annotations

Branches:
Dungeon (0/15)

Altars:


Message History

Welcome, polve the Demonspawn Abyssal Knight.
Will you prevail where others failed? Will you find the Orb of Zot?
Lugonu says: Depart the Abyss and spread corruption, my servant! (use the ability menu to exit the Abyss) Press ? for a list of commands and other information.
Found 10 gold pieces.
Found a corrupted altar of Lugonu.
You now have 10 gold pieces.
c - a murky green potion
Found 7 javelins.
You are suddenly pulled into a different region of the Abyss!
Found a pink potion.
Found a robe.
d - a pink potion A starcursed mass comes into view.
A starcursed mass is nearby!
Found 3 gold pieces.
You enter the shallow water.
Moving in this stuff is going to be slow.
Why would you want to do that? Why would you want to do that?
Found a scroll labelled YSAF NEYKU.
An orc priest comes into view.
It is wielding a +2 short sword of protection.
The orc priest shouts!
The orc priest hits the bush with a +2 short sword of protection!
You see here a scroll labelled YSAF NEYKU.
An orc priest is nearby!
e - a scroll labelled YSAF NEYKU The orc priest looks braver for a moment.
The orc priest looks satisfied for a moment.
The orc priest hits the bush but does no damage.
An orc priest is nearby!
You barely miss the orc priest.
The orc priest invokes the aid of Beogh against you.
Pain shoots through your body!
Ouch! That really hurt!
* * * LOW HITPOINT WARNING * * *
You barely miss the orc priest.
The orc priest hits you with a +2 short sword of protection!
You die...

# #. ....≈≈.##..####
##. . ..##...#≈≈≈#.#.
.#...# #
#..##...#♣#≈.###. ...
..# ##......##...##.
#.......
#.......#....... ...
.....
#...##..#....#.##
..... .
##..##...#..#.#.#....
..
.##........#o##.#.#
.... ... .
.........@# .#..#..
....# #..##..####
.##.. ...## . ..
.##..# ##..#.# #### #
.##.......# #....#
..#.......##..## .
.####......### # .
#.....#.# ....#.####
......##.


You could see an orc priest.

Vanquished Creatures (others)
  A plant (Abyss:1)
1 creature vanquished.

Notes
Turn   | Place    | Note
-------+----------+-------------------------------------------
     0 | Abyss:1  | polve the Demonspawn Abyssal Knight began the quest for the
                  | Orb.
     0 | Abyss:1  | Reached XP level 1. HP: 18/18 MP: 2/2
    93 | Abyss:1  | Noticed a starcursed mass
   112 | Abyss:1  | Noticed an orc priest
   152 | Abyss:1  | Slain by an orc priest

Illustrated notes

Levels and vault maps discovered:
Abyss:1:  base: Temple, hangedman_abyss_or_decor_stagger, base: Temple,
          hangedman_abyss_theft

Action                   || total
-------------------------++-------
Melee: Short sword       ||     2

Table legend: (Time is in decaauts)
 A = Elapsed time spent in this place.
 B = Non-inter-level travel time spent in this place.
 C = Inter-level travel time spent in this place.
 D = Time resting spent in this place.
 E = Time spent auto-exploring this place.
 F = Levels seen in this place.
 G = Mean time per level.
                   A        B        C        D        E       F      G
               +--------+--------+--------+--------+--------+-----+--------+
         Total |    155 |    155 |      0 |      0 |    107 |   1 |  155.0 |
         Abyss |    155 |    155 |      0 |      0 |    107 |   1 |  155.0 |
               +--------+--------+--------+--------+--------+-----+--------+

Top non-repeatable levels by time:
 Abyss:1: 155 daAuts
